 Dungeon Crawl Stone Soup version 0.21-a0-142-gdd972a7 (webtiles) character file.

6302 Arkorax the Grappler (level 10, 0/93 HPs)
             Began as a Minotaur Gladiator on July 22, 2017.
             Was a Priest of Wu Jian.
             Killed from afar by an electric eel (2 damage)
             ... with a bolt of electricity
             ... on level 8 of the Dungeon.
             The game lasted 00:11:16 (8689 turns).

Arkorax the Grappler (Minotaur Gladiator)           Turns: 8689, Time: 00:11:17

Health: 0/93       AC: 18    Str: 23    XL:     10   Next: 63%
Magic:  18/18      EV:  8    Int:  3    God:    Wu Jian [***...]
Gold:   366        SH:  4    Dex: 13    Spells: 9/9 levels left

rFire    + . .     SeeInvis .     - Unarmed
rCold    . . .     Gourm    .   (no shield)
rNeg     . . .     Faith    .   N - +0 plate armour
rPois    .         Spirit   .   c - +0 hat
rElec    .         Reflect  .   e - +1 cloak
rCorr    .         Harm     .   D - +0 pair of gloves
MR       .....                  m - -1 pair of boots (curse)
Stlth    ..........             B - amulet of rage
HPRegen  0.25/turn              x - ring of magical power
MPRegen  0.16/turn              (no ring)

@: very slow
A: retaliatory headbutt, horns 2, large bone plates 1, agile 1, dopey 1, fire
resistance 1
a: Renounce Religion, Evoke Berserk Rage


You were on level 8 of the Dungeon.
You worshipped Wu Jian.
Wu Jian was most pleased with you.
You were not hungry.

You visited 2 branches of the dungeon, and saw 9 of its levels.

You collected 366 gold pieces.

Inventory:

Hand Weapons
 a - a +0 war axe
 L - the +1 long sword of the Three Dreams {speed, MR+, unknown}
   (You found it on level 8 of the Dungeon)

   Attacks with this weapon are significantly faster.
   It affects your resistance to hostile enchantments.
Missiles
 d - a throwing net (quivered)
Armour
 c - a +0 hat (worn)
 e - a +1 cloak (worn)
 m - a cursed -1 pair of boots (worn)
 v - a +0 large shield
 D - a +0 pair of gloves (worn)
 N - a +0 plate armour (worn)
Jewellery
 u - an uncursed amulet of magic regeneration
 w - an uncursed ring of ice
 x - a ring of magical power (left hand)
 B - an amulet of rage (around neck)
Wands
 r - a wand of paralysis (22/24)
 J - a wand of iceblast (0/15)
 M - a wand of enslavement (1/24)
Scrolls
 i - 2 scrolls of amnesia
 j - 3 scrolls of remove curse {unknown}
 l - a scroll of enchant weapon {unknown}
 t - a scroll of random uselessness {unknown}
 z - 5 scrolls of identify
 A - 2 scrolls of teleportation
 G - a scroll of enchant armour {unknown}
 H - a scroll of immolation {unknown}
Potions
 h - a potion of heal wounds
 k - 2 potions of curing
 p - a potion of invisibility {unknown}
 q - 2 potions of magic {unknown}
 s - 2 potions of flight {unknown}
 E - 2 potions of degeneration {unknown}
 I - a potion of agility
Books
 n - a book of Callings

   Spells                             Type                      Level
   a - Summon Small Mammal            Summoning                    1
   b - Call Imp                       Summoning                    2
   c - Call Canine Familiar           Summoning                    3
   d - Summon Guardian Golem          Hexes/Summoning              3
   e - Summon Lightning Spire         Summoning/Air                4
   f - Summon Ice Beast               Ice/Summoning                4
 y - a book of Air

   Spells                             Type                      Level
   a - Shock                          Conjuration/Air              1
   b - Swiftness                      Charms/Air                   2
   c - Static Discharge               Conjuration/Air              3
   d - Airstrike                      Air                          4
   e - Lightning Bolt                 Conjuration/Air              5
Comestibles
 b - a chunk of flesh
 f - 4 bread rations
 g - 3 meat rations
 o - 6 fruits


   Skills:
 + Level 9.9 Fighting
 - Level 3.6 Axes
 - Level 2.0 Throwing
 + Level 9.7 Armour
 - Level 3.2 Dodging
 * Level 12.2 Unarmed Combat


You had 9 spell levels left.
You didn't know any spells.

Dungeon Overview and Level Annotations

Branches:
Dungeon (8/15)             Temple (1/1) D:4            Lair (0/6) D:8

Altars:
Ashenzari
Cheibriados
Dithmenos
Elyvilon
Fedhas
Gozag
Hepliaklqana
Kikubaaqudgha
Makhleb
Nemelex Xobeh
Okawaru
Qazlal
Ru
Sif Muna
Trog
Uskayaw
Vehumet
Wu Jian
Xom
Yredelemnul
Zin
The Shining One

Shops:
D:5 %

Annotations:
D:2 1 runed door
D:3 Arkorax's ghost, amateur MiGl


Innate Abilities, Weirdness & Mutations

You reflexively headbutt those who attack you in melee.
You have a pair of horns on your head.
You are partially covered in large bone plates. (SH +4)
You are agile. (Dex +2)
You are dopey. (Int -2)
Your flesh is heat resistant. (rF+)


Message History

You are too injured to fight recklessly!
You closely miss the electric eel. Your headbutt misses the electric eel.
Your unstable footing causes you to fumble your attack.
The electric eel shoots out a bolt of lightning at you!
The bolt of electricity hits you!
You spin and attack the electric eel repeatedly.
You hit the electric eel. You headbutt the electric eel.
The electric eel is moderately wounded.
Your unstable footing causes you to fumble your attack.
The electric eel shoots out a bolt of lightning at you!
The bolt of electricity hits you!
* * * LOW HITPOINT WARNING * * *
The electric eel shoots out a bolt of lightning at you!
The bolt of electricity hits you!
* * * LOW HITPOINT WARNING * * *
The electric eel shoots out a bolt of lightning at you!
The bolt of electricity hits you!
* * * LOW HITPOINT WARNING * * *
The bolt of electricity hits you!
You die...

....).#.##.##..##
......#....##...
......#.##(###.##
...........###.#####.
.................%...
...#.##.####.#.######
...#.##............#####..
...#......≈≈≈≈≈≈..........
..#.≈..≈.≈≈≈≈≈≈@.........
##.#..(..≈≈≈≈≈≈;÷≈≈.)≈≈≈..
......≈≈≈≈≈≈≈≈≈≈≈≈≈.≈.≈...
###...≈.≈≈≈≈≈≈≈≈≈≈.≈≈≈≈...
#....≈≈≈≈.≈≈.≈..≈≈≈≈≈≈..
#.≈≈≈≈≈≈≈......≈≈≈≈≈≈..
####÷:.≈≈≈≈..>............
......;≈.≈≈≈.....;≈≈≈≈≈≈.
####....≈≈≈..≈...≈≈≈≈...


You could see 2 electric eels.

Vanquished Creatures
  The ghost of Eptagon the Skirmisher, a novice DsFi of Gozag (D:8)
  Maurice (D:7)
  Joseph (D:8)
  A troll (D:8)
  Prince Ribbit (D:7)
  2 wyverns (D:8)
  Eustachio (D:6)
  A hungry ghost (D:7)
  Edmund (D:6)
  Duvessa (D:7)
  An orc warrior (D:8)
  2 phantoms
  3 ice beasts
  3 sky beasts
  10 ogres
  3 wolves
  3 centaurs
  A crocodile (D:8)
  A bullfrog (D:6)
  Dowan (D:7)
  4 scorpions
  4 howler monkeys
  3 electric eels
  3 crimson imps
  2 orc priests
  9 hounds
  7 orc wizards
  4 iguanas
  7 worker ants
  2 hound skeletons
  A howler monkey zombie (D:6)
  5 adders
  A shadow imp (D:8)
  2 oozes
  2 adder skeletons
  3 worms
  4 dart slugs
  6 leopard geckos
  26 orcs
  3 bats
  3 giant cockroaches
  2 goblins
  4 hobgoblins
  12 jackals
  4 quokkas
  A ball python (D:1)
  5 frilled lizards
  5 kobolds
  A quokka zombie (D:6)
  5 rats
179 creatures vanquished.

Notes
Turn   | Place    | Note
-------+----------+-------------------------------------------
     0 | D:1      | Arkorax the Minotaur Gladiator began the quest for the Orb.
     0 | D:1      | Reached XP level 1. HP: 18/18 MP: 0/0
   288 | D:1      | Reached skill level 1 in Unarmed Combat
   288 | D:1      | Reached XP level 2. HP: 24/25 MP: 1/1
   313 | D:1      | Reached skill level 1 in Armour
   760 | D:2      | Reached XP level 3. HP: 30/30 MP: 2/2
   968 | D:2      | Reached skill level 2 in Unarmed Combat
  1216 | D:2      | Found a runed door.
  1883 | D:3      | Noticed Arkorax's ghost (amateur MiGl)
  1924 | D:4      | Reached XP level 4. HP: 2/38 MP: 3/3
  2242 | D:4      | Found a staircase to the Ecumenical Temple.
  2260 | D:4      | Gained mutation: You are dopey. (Int -2) [potion of mutation]
  2260 | D:4      | Gained mutation: Your flesh is heat resistant. (rF+) [potion of mutation]
  2260 | D:4      | Gained mutation: You are agile. (Dex +2) [potion of mutation]
  2260 | D:4      | Gained mutation: You are partially covered in large bone plates. (SH +4) [potion of mutation]
  2263 | D:4      | Reached skill level 3 in Unarmed Combat
  2268 | D:4      | Reached XP level 5. HP: 43/46 MP: 4/4
  2272 | D:4      | Noticed an ogre
  2281 | D:4      | Killed an ogre
  2281 | D:4      | Reached skill level 4 in Unarmed Combat
  2322 | Temple   | Entered the Ecumenical Temple
  2460 | Temple   | Became a worshipper of the Wu Jian Council
  2479 | D:4      | Reached XP level 6. HP: 46/52 MP: 5/5
  2621 | D:4      | Found a burning altar of Makhleb.
  2688 | D:4      | Reached skill level 5 in Unarmed Combat
  2919 | D:5      | Entered Level 5 of the Dungeon
  2945 | D:5      | Found Rotofopn's Food Shoppe.
  3279 | D:5      | Noticed a sky beast
  3291 | D:5      | Killed a sky beast
  3291 | D:5      | Reached skill level 5 in Fighting
  3291 | D:5      | Reached XP level 7. HP: 56/61 MP: 6/6
  3481 | D:5      | Found a shimmering altar of Xom.
  3495 | D:5      | Reached skill level 6 in Unarmed Combat
  3584 | D:5      | Found a snail-covered altar of Cheibriados.
  3584 | D:5      | Found a shimmering altar of Xom.
  3704 | D:5      | Reached skill level 5 in Armour
  3817 | D:5      | Reached * piety under Wu Jian
  3937 | D:6      | Noticed Edmund
  3972 | D:6      | HP: 3/62 [Edmund/flail of protection (8)]
  3977 | D:6      | Killed Edmund
  4164 | D:6      | Reached skill level 7 in Unarmed Combat
  4164 | D:6      | Reached XP level 8. HP: 44/70 MP: 7/7
  4793 | D:6      | Reached skill level 8 in Unarmed Combat
  4983 | D:6      | Noticed a death knight
  5480 | D:6      | Noticed Eustachio
  5491 | D:6      | Killed Eustachio
  5556 | D:6      | Reached skill level 9 in Unarmed Combat
  5560 | D:6      | Reached XP level 9. HP: 71/79 MP: 8/8
  5762 | D:7      | Noticed Duvessa
  5771 | D:7      | Noticed Dowan
  5776 | D:7      | Killed Duvessa
  5782 | D:7      | Killed Dowan
  6140 | D:7      | Reached ** piety under Wu Jian
  6174 | D:7      | Noticed Prince Ribbit
  6210 | D:7      | Killed Prince Ribbit
  6259 | D:7      | Found a white marble altar of Elyvilon.
  6317 | D:8      | Found a basalt altar of Yredelemnul.
  6347 | D:8      | Found a bloodstained altar of Trog.
  6359 | D:8      | Reached skill level 10 in Unarmed Combat
  6662 | D:8      | Noticed Maurice
  7075 | D:7      | Killed Maurice
  7122 | D:8      | Reached skill level 11 in Unarmed Combat
  7143 | D:8      | Reached XP level 10. HP: 51/90 MP: 9/9
  7320 | D:8      | Found a glowing golden altar of the Shining One.
  7321 | D:8      | Noticed Joseph
  7782 | D:8      | Killed Joseph
  7940 | D:8      | Noticed Eptagon's ghost (novice DsFi)
  7949 | D:8      | Got a steaming long sword
  8134 | D:8      | Killed Eptagon's ghost
  8167 | D:8      | Reached *** piety under Wu Jian
  8202 | D:8      | Reached skill level 12 in Unarmed Combat
  8663 | D:8      | Found a staircase to the Lair.
  8689 | D:8      | HP: 2/93 [electric eel/bolt of electricity (15)]
  8689 | D:8      | Killed from afar by an electric eel

Vault maps used:
D:1:      minmay_arrival_cross, roderic_whirl, minmay_box_of_dots
D:2:      first_bread, st_stairs_12, uniq_crazy_yiuf_cottage
D:3:      uniq_sigmund
D:4:      makhleb_grotto_becter, minmay_temple_entry_glass,
          minmay_three_crescents
D:5:      gammafunk_temple_overflow_elements, serial_shops, shop,
          minmay_misc_feat_hallway, minmay_statues_item, lemuel_tele_altar
D:6:      cheibrodos_helix_gallery, amethyst_killhole, uniq_eustachio,
          uniq_edmund
D:7:      elyvilon_altar_1, uniq_duvessa, uniq_prince_ribbit1
D:8:      grunt_temple_overflow_open, erik_lair_island, basic_altar,
          grunt_ogre_cave, minmay_liquid_box, uniq_maurice, uniq_joseph
Temple:   eino_temple_scatter_basement

Skill      XL: |  1  2  3  4  5  6  7  8  9 10 |
---------------+-------------------------------+-----
Unarmed Combat | 1 2 3 4 5 7 9 11 12 | 12.2
Armour         | 1 2 3 4 5 6 8 9 |  9.7
Fighting       | 3 4 5 7 8 9 |  9.9
Axes           | |  3.6
Throwing       | |  2.0
Dodging        | |  3.2

Action                   |  1- 3 |  4- 6 |  7- 9 | 10-12 || total
-------------------------+-------+-------+-------+-------++-------
Melee: War axe           |    75 |    52 |       |       ||   127
       Headbutt          |    17 |    21 |    65 |    21 ||   124
       Unarmed           |       |    22 |   347 |   119 ||   488
       Punch             |       |       |    11 |     8 ||    19
Throw: Throwing net      |       |       |     3 |       ||     3
Evoke: Wand              |       |       |       |     6 ||     6
  Use: Potion            |       |     5 |       |       ||     5
       Scroll            |       |       |     6 |       ||     6
  Eat: Chunk             |     3 |     4 |     7 |     4 ||    18
       Bread ration      |       |       |     2 |       ||     2
Armor: Leather armour    |    17 |    11 |    58 |     2 ||    88
       Chain mail        |       |       |       |    19 ||    19
       Plate armour      |       |       |       |     7 ||     7
Dodge: Dodged            |    50 |    67 |   121 |    36 ||   274
Block: Other             |       |    18 |    43 |    13 ||    74
